AoeStats
← TX430054

Arena

509803141Analyzed
1v1 RM · 4d ago on Sep 28, 2026· 40m 36s· 2 players
Game mode
Random Map
Map size
Tiny (2 player)
Population
200
Speed
Normal
Resources
Standard
Victory
Conquest
Starting age
Dark Age
Ending age
Imperial Age
RankedLock teamsTeams togetherTeam positionsShared explorationLock speedFull tech treeHidden civsTurbo modeCheats
Victory
Defeat
🇹🇼 Turks · Taiwan
966
+16
🇦🇷 Huns · Argentina
962
-37
santiago-muebles
10:11 Loom
13:04 Feudal Age
14:25 Double-Bit Axe
16:50 Castle Age
14:53 Horse Collar
21:53 Fletching
36:21 Wheelbarrow
36:37 Bodkin Arrow
38:13 Scale Barding Armor
39:29 Forging
TX430054
11:01 Feudal Age
15:34 Castle Age
14:00 Double-Bit Axe
14:40 Gold Mining
14:38 Horse Collar
15:47 Loom
21:52 Wheelbarrow
24:08 Padded Archer Armor
26:06 Bow Saw
33:28 Imperial Age
33:42 Leather Archer Armor
37:34 Town Watch
Connection lost

Rejoining the realm…

Still unreachable

The connection could not be restored.

Session expired

The server has moved on; the page needs a fresh start.